3L
CHARLESTON BATTERY @ HOUSTON 1837 BBC
04/18/2034
 
TOP OF THE 1ST
Charleston Battery batting - Pitching for Houston 1837 BBC : RHP Kostas Antetokounmpo
Pitching: RHP Kostas Antetokounmpo
Batting: RHB Mike Case 0-0: Ball
1-0: Ball
2-0: Called Strike
2-1: Foul Ball, location: 2F
2-2: Strikes out swinging
Batting: LHB Joey Coco 0-0: Ball
1-0: Ball
2-0: SINGLE (Line Drive, 89S)
Batting: SHB Jasper Morrison 0-0: Called Strike
0-1: Ball
1-1: Ball
2-1: Ball
3-1: Base on Balls
Joey Coco to second
Batting: LHB Spencer Powell 0-0: Foul Ball, location: 2F
0-1: Foul Ball, location: 2F
0-2: Strikes out swinging
Batting: RHB Paco Muńóz 0-0: Called Strike
0-1: Foul Ball, location: 2F
0-2: Ball
1-2: Foul Ball, location: 2F
1-2: Ball
2-2: Fielders Choice at 2nd, 5-4 (Groundball, 56)
Top of the 1st over - 0 runs, 1 hit, 0 errors, 2 left on base; Charleston 0 - Houston 0
BOTTOM OF THE 1ST
Houston 1837 BBC batting - Pitching for Charleston Battery : RHP Miguel Angel Martínez
Pitching: RHP Miguel Angel Martínez
Batting: LHB Pancho González 0-0: Ball
1-0: Ball
2-0: Ball
3-0: Called Strike
3-1: Foul Ball, location: 2F
3-2: Base on Balls
Batting: LHB Owen Sharts 0-0: Ball
1-0: Ball
Wild Pitch!
Pancho González to second
2-0: Ball
3-0: Base on Balls
Batting: SHB Eduardo Pampin 0-0: Ball
1-0: Ball
2-0: Ball
3-0: Called Strike
3-1: Swinging Strike
3-2: Foul Ball, location: 2F
3-2: Foul Ball, location: 2F
3-2: Foul Ball, location: 2F
3-2: Base on Balls
Pancho González to third
Owen Sharts to second
Batting: LHB Kai-ge Choe 0-0: Ball
1-0: DOUBLE (Groundball, 5L)
Pancho González scores
Owen Sharts scores
Eduardo Pampin to third
Batting: LHB Mike Goff 0-0: SINGLE (Flyball, 89M)
Eduardo Pampin scores
Kai-ge Choe to third
Runner from 3rd tries for Home, SAFE, no throw
Batting: LHB Randy Sallah 0-0: Ball
1-0: Foul Ball, location: 2F
1-1: Swinging Strike
1-2: Ball
2-2: Foul Ball, location: 2F
2-2: Ball
3-2: Foul Ball, location: 2F
3-2: Base on Balls
Mike Goff to second
Batting: SHB Yun-qi Chien 0-0: Called Strike
0-1: Swinging Strike
0-2: Ball
1-2: Foul Ball, location: 2F
1-2: Ball
2-2: Ball
3-2: Strikes out looking
Batting: LHB Seung-soo Ch'ae 0-0: Swinging Strike
0-1: Swinging Strike
0-2: Ball
1-2: Foul Ball, location: 2F
1-2: Foul Ball, location: 2F
1-2: Ball
2-2: Strikes out looking
Batting: LHB Javier Seco 0-0: Called Strike
0-1: Foul Ball, location: 2F
0-2: Ground out 1-3 (Groundball, P)
Bottom of the 1st over - 4 runs, 2 hits, 0 errors, 2 left on base; Charleston 0 - Houston 4
TOP OF THE 2ND
Charleston Battery batting - Pitching for Houston 1837 BBC : RHP Kostas Antetokounmpo
Batting: LHB Vicente Gonzáles 0-0: Ball
1-0: Ball
2-0: SOLO HOME RUN (Flyball, 9LD), Distance : 362 ft
Batting: RHB Anson Darrah 0-0: Ball
1-0: Called Strike
1-1: SINGLE (Groundball, 56D)
Batting: LHB Datu Lesaca 0-0: Called Strike
0-1: Ball
1-1: Ball
2-1: Ball
3-1: Called Strike
3-2: Foul Ball, location: 2F
3-2: Strikes out looking
Batting: RHB Jesús Ruano 0-0: Fly out, F8 (Flyball, 89D)
Batting: RHB Mike Case 0-0: Ball
1-0: Ball
2-0: Ball
3-0: Called Strike
3-1: Ground out 4-3 (Groundball, 4)
Top of the 2nd over - 1 run, 2 hits, 0 errors, 1 left on base; Charleston 1 - Houston 4
BOTTOM OF THE 2ND
Houston 1837 BBC batting - Pitching for Charleston Battery : RHP Miguel Angel Martínez
Batting: LHB Pancho González 0-0: Ball
1-0: Called Strike
1-1: Swinging Strike
1-2: Ball
2-2: Ball
3-2: Foul Ball, location: 2F
3-2: SINGLE (Groundball, 13) (infield hit)
Batting: LHB Owen Sharts 0-0: Swinging Strike
0-1: Swinging Strike
0-2: Ball
1-2: Strikes out swinging
Batting: SHB Eduardo Pampin 0-0: Ball
1-0: Ball
2-0: Foul Ball, location: 2F
2-1: Foul Ball, location: 2F
2-2: Foul Ball, location: 2F
2-2: Ball
3-2: Foul Ball, location: 2F
3-2: Foul Ball, location: 2F
3-2: Foul Ball, location: 2F
3-2: Foul Ball, location: 2F
3-2: Base on Balls
Pancho González to second
Batting: LHB Kai-ge Choe 0-0: Ball
1-0: Called Strike
1-1: Grounds into double play, 6-4-3 (Groundball, 56)
Bottom of the 2nd over - 0 runs, 1 hit, 0 errors, 1 left on base; Charleston 1 - Houston 4
TOP OF THE 3RD
Charleston Battery batting - Pitching for Houston 1837 BBC : RHP Kostas Antetokounmpo
Batting: LHB Joey Coco 0-0: Ball
1-0: Foul Ball, location: 2F
1-1: Ball
2-1: Ball
3-1: Base on Balls
Batting: SHB Jasper Morrison 0-0: Called Strike
0-1: Ball
1-1: Foul Ball, location: 2F
1-2: Ball
2-2: Foul Ball, location: 2F
2-2: Foul Ball, location: 2F
2-2: Ball
Joey Coco steals 2nd base
3-2: Fly out, F8 (Flyball, 8LXD)
Runner from 2nd tags up, SAFE at 3rd, no throw
Pitching: RHP Gus Osborne
Batting: LHB Spencer Powell 0-0: Ball
1-0: SINGLE (Flyball, 8RM)
Joey Coco scores
Batting: RHB Paco Muńóz 0-0: Foul Ball, location: 2F
0-1: Foul Ball, location: 2F
0-2: Ball
1-2: Foul Ball, location: 2F
1-2: Ball
2-2: Grounds into double play, 6-4-3 (Groundball, 6)
Top of the 3rd over - 1 run, 1 hit, 0 errors, 0 left on base; Charleston 2 - Houston 4
BOTTOM OF THE 3RD
Houston 1837 BBC batting - Pitching for Charleston Battery : RHP Miguel Angel Martínez
Batting: LHB Mike Goff 0-0: Ground out 6-3 (Groundball, 6)
Batting: LHB Randy Sallah 0-0: Called Strike
0-1: Called Strike
0-2: Strikes out looking
Batting: SHB Yun-qi Chien 0-0: Ball
1-0: Ground out 6-3 (Groundball, 6)
Bottom of the 3rd over - 0 runs, 0 hits, 0 errors, 0 left on base; Charleston 2 - Houston 4
TOP OF THE 4TH
Charleston Battery batting - Pitching for Houston 1837 BBC : RHP Gus Osborne
Batting: LHB Vicente Gonzáles 0-0: Ball
1-0: Ground out 4-3 (Groundball, 34)
Batting: RHB Anson Darrah 0-0: Ball
1-0: SINGLE (Flyball, 89M)
Batting: LHB Datu Lesaca 0-0: Called Strike
0-1: Ball
1-1: Ball
2-1: Ball
3-1: Base on Balls
Anson Darrah to second
Pitching: RHP Fraser Cuevas
Batting: RHB Jesús Ruano 0-0: Foul Ball, location: 2F
0-1: Ball
1-1: Foul Ball, location: 2F
1-2: Foul Ball, location: 2F
1-2: Fly out, F7 (Flyball, 78D)
Batting: RHB Mike Case 0-0: Ball
1-0: Fielders Choice at 2nd, 5-4 (Groundball, 5L)
Top of the 4th over - 0 runs, 1 hit, 0 errors, 2 left on base; Charleston 2 - Houston 4
BOTTOM OF THE 4TH
Houston 1837 BBC batting - Pitching for Charleston Battery : RHP Miguel Angel Martínez
Batting: LHB Seung-soo Ch'ae 0-0: Called Strike
0-1: Foul Ball, location: 2F
0-2: Strikes out swinging
Batting: LHB Javier Seco 0-0: Ball
1-0: Ground out 6-3 (Groundball, 6M)
Batting: LHB Pancho González 0-0: Swinging Strike
0-1: Ball
1-1: Ball
2-1: Ball
3-1: Fly out, F7 (Flyball, 78D)
Bottom of the 4th over - 0 runs, 0 hits, 0 errors, 0 left on base; Charleston 2 - Houston 4
TOP OF THE 5TH
Charleston Battery batting - Pitching for Houston 1837 BBC : RHP Fraser Cuevas
Batting: LHB Joey Coco 0-0: Ball
1-0: Ball
2-0: Foul Ball, location: 2F
2-1: Ball
3-1: Base on Balls
Batting: SHB Jasper Morrison 0-0: Ball
1-0: Ball
2-0: Ball
3-0: Called Strike
3-1: Foul Ball, location: 2F
3-2: 2-RUN HOME RUN (Flyball, 8RXD), Distance : 444 ft
Pitching: RHP Martín Valverde
Batting: LHB Spencer Powell 0-0: Called Strike
0-1: Swinging Strike
0-2: Ball
1-2: SINGLE (Groundball, 56S) (infield hit)
Batting: RHB Paco Muńóz 0-0: Called Strike
0-1: Ball
1-1: Fly out, F6 (Line Drive, 6)
Batting: LHB Vicente Gonzáles 0-0: Foul Ball, location: 2F
0-1: Ball
1-1: Swinging Strike
1-2: Foul Ball, location: 2F
1-2: Ground out U3 (Groundball, 3)
Spencer Powell to second
Batting: RHB Anson Darrah 0-0: Ball
1-0: Ball
2-0: Fly out, F7 (Flyball, 7S)
Top of the 5th over - 2 runs, 2 hits, 0 errors, 1 left on base; Charleston 4 - Houston 4
BOTTOM OF THE 5TH
Houston 1837 BBC batting - Pitching for Charleston Battery : RHP Miguel Angel Martínez
Pitching: RHP Fernando Varela
Batting: LHB Owen Sharts 0-0: Foul Ball, location: 2F
0-1: Called Strike
0-2: Ball
1-2: Fly out, F5 (Popup, 56)
Batting: SHB Eduardo Pampin 0-0: Ball
1-0: Swinging Strike
1-1: Fly out, F9 (Line Drive, 9)
Batting: LHB Kai-ge Choe 0-0: Called Strike
0-1: Ball
1-1: Swinging Strike
1-2: Foul Ball, location: 2F
1-2: Ball
2-2: Ground out 5-3 (Groundball, 56)
Bottom of the 5th over - 0 runs, 0 hits, 0 errors, 0 left on base; Charleston 4 - Houston 4
TOP OF THE 6TH
Charleston Battery batting - Pitching for Houston 1837 BBC : RHP Martín Valverde
Pitching: LHP Noe Toepfer
Batting: LHB Datu Lesaca 0-0: Called Strike
0-1: Called Strike
0-2: Ball
1-2: Strikes out swinging
Batting: RHB Jesús Ruano 0-0: Swinging Strike
0-1: Ground out 4-3 (Groundball, 4)
Pinch Hitting: RHB Fernando Rivera 0-0: Ball
1-0: Foul Ball, location: 2F
1-1: Ball
2-1: Foul Ball, location: 2F
2-2: Strikes out swinging
Top of the 6th over - 0 runs, 0 hits, 0 errors, 0 left on base; Charleston 4 - Houston 4
BOTTOM OF THE 6TH
Houston 1837 BBC batting - Pitching for Charleston Battery : RHP Fernando Varela
Now at 3B: Ryan Faulkner
Batting: LHB Mike Goff 0-0: Ball
1-0: Swinging Strike
1-1: Foul Ball, location: 2F
1-2: Ball
2-2: Strikes out swinging
Batting: LHB Randy Sallah 0-0: Called Strike
0-1: Foul Ball, location: 2F
0-2: Strikes out swinging
Batting: SHB Yun-qi Chien 0-0: Ball
1-0: Ball
2-0: Called Strike
2-1: Ball
3-1: Foul Ball, location: 2F
3-2: Ground out 4-3 (Groundball, 4)
Bottom of the 6th over - 0 runs, 0 hits, 0 errors, 0 left on base; Charleston 4 - Houston 4
TOP OF THE 7TH
Charleston Battery batting - Pitching for Houston 1837 BBC : LHP Noe Toepfer
Pinch Hitting: RHB Vincent Crane 0-0: Foul Ball, location: 2F
0-1: Swinging Strike
0-2: Strikes out swinging
Pinch Hitting: RHB Luis Ríos 0-0: TRIPLE (Groundball, 5L)
Pitching: LHP José Flores
Batting: RHB Wrangler Haresnape 0-0: Swinging Strike
0-1: Foul Ball, location: 2F
0-2: Ball
1-2: Fly out, F7 (Flyball, 7S)
Batting: RHB Paco Muńóz 0-0: Foul Ball, location: 2F
0-1: Ball
1-1: Ball
2-1: Ball
3-1: Base on Balls
Pinch Hitting: RHB Loren Stallings 0-0: Fly out, F4 (Line Drive, 4M)
Top of the 7th over - 0 runs, 1 hit, 0 errors, 2 left on base; Charleston 4 - Houston 4
BOTTOM OF THE 7TH
Houston 1837 BBC batting - Pitching for Charleston Battery : RHP Fernando Varela
Now at 3B: Vincent Crane
Now in CF: Loren Stallings
Now in RF: Luis Ríos
Pinch Hitting: RHB Joey Trifone 0-0: Foul Ball, location: 2F
0-1: Swinging Strike
0-2: Foul Ball, location: 2F
0-2: Ball
1-2: DOUBLE (Line Drive, 8RD)
Batting: LHB Javier Seco 0-0: Fly out, F9 (Flyball, 89M)
Pinch Hitting: RHB Sotaro Sakata 0-0: Ball
1-0: Foul Ball, location: 2F
1-1: Swinging Strike
1-2: Strikes out swinging
Pinch Hitting: RHB Jon Osterman 0-0: Ball
1-0: Ball
2-0: Ball
3-0: Foul Ball, location: 2F
3-1: Foul Ball, location: 2F
3-2: Base on Balls
Batting: RHB Komotay Koffie 0-0: Ball
1-0: Ball
2-0: Swinging Strike
2-1: Foul Ball, location: 2F
2-2: Foul Ball, location: 2F
2-2: Strikes out swinging
Bottom of the 7th over - 0 runs, 1 hit, 0 errors, 2 left on base; Charleston 4 - Houston 4
TOP OF THE 8TH
Charleston Battery batting - Pitching for Houston 1837 BBC : LHP José Flores
Now at SS: Joey Trifone
Now in CF: Jon Osterman
Now in RF: Dave Yates
Batting: RHB Anson Darrah 0-0: Called Strike
0-1: Ball
1-1: Called Strike
1-2: Strikes out looking
Batting: LHB Datu Lesaca 0-0: Swinging Strike
0-1: Called Strike
0-2: Ball
1-2: Ball
2-2: Strikes out swinging
Batting: RHB Jesús Ruano 0-0: Called Strike
0-1: Ground out 6-3 (Groundball, 56)
Top of the 8th over - 0 runs, 0 hits, 0 errors, 0 left on base; Charleston 4 - Houston 4
BOTTOM OF THE 8TH
Houston 1837 BBC batting - Pitching for Charleston Battery : RHP Fernando Varela
Pinch Hitting: RHB Phil Sherman 0-0: Ball
1-0: Ball
2-0: Ball
3-0: Called Strike
3-1: Base on Balls
Pinch Runner at 1st Carlos Medellín:
Batting: LHB Mike Goff 0-0: Ball
1-0: Swinging Strike
1-1: Ball
2-1: Called Strike
2-2: Strikes out swinging
Pitching: LHP Rafael Rivera
Pinch Hitting: RHB Bob Dickerson 0-0: Ball
Carlos Medellín is caught stealing 2nd base
1-0: Ball
2-0: Called Strike
2-1: Foul Ball, location: 2F
2-2: Foul Ball, location: 2F
2-2: Fly out, F9 (Flyball, 9LM)
Bottom of the 8th over - 0 runs, 0 hits, 0 errors, 0 left on base; Charleston 4 - Houston 4
TOP OF THE 9TH
Charleston Battery batting - Pitching for Houston 1837 BBC : LHP José Flores
Pitching: RHP Sam Pelsize
Now at 3B: Mike Houston
Now in RF: Carlos Medellín
Pinch Hitting: LHB Guillermo Arellano 0-0: Swinging Strike
0-1: Swinging Strike
0-2: Ball
1-2: Ball
2-2: Ground out U3 (Groundball, 34)
Batting: RHB Vincent Crane 0-0: Ball
1-0: Ground out 4-3 (Groundball, 4MS)
Batting: RHB Luis Ríos 0-0: Ball
1-0: Ground out U3 (Groundball, 3S)
Top of the 9th over - 0 runs, 0 hits, 0 errors, 0 left on base; Charleston 4 - Houston 4
BOTTOM OF THE 9TH
Houston 1837 BBC batting - Pitching for Charleston Battery : LHP Rafael Rivera
Pitching: RHP Jon King
Now at 1B: Guillermo Arellano
Pinch Hitting: RHB Juan Chávez 0-0: Ball
1-0: Foul Ball, location: 2F
1-1: Ball
2-1: Foul Ball, location: 2F
2-2: Ball
3-2: Foul Ball, location: 2F
3-2: Base on Balls
Pinch Runner at 1st Krystof Melichar:
Batting: RHB Joey Trifone 0-0: Ball
1-0: Ball
2-0: Ball
3-0: Called Strike
3-1: Called Strike
3-2: Strikes out swinging
Pinch Hitting: RHB Norm Chodorow 0-0: Ball
1-0: Called Strike
1-1: Ball
2-1: Foul Ball, location: 2F
2-2: Ball
Krystof Melichar steals 2nd base
3-2: Intentional Walk
Batting: RHB Dave Yates 0-0: Ball
1-0: Ball
2-0: Ball
3-0: Base on Balls
Krystof Melichar to third
Norm Chodorow to second
Batting: RHB Jon Osterman 0-0: Ball
1-0: Called Strike
1-1: Foul Ball, location: 2F
1-2: Ball
2-2: Foul Ball, location: 2F
2-2: Foul Ball, location: 2F
2-2: Grounds into double play, 1-2-3 (Groundball, 15S)
Bottom of the 9th over - 0 runs, 0 hits, 0 errors, 2 left on base; Charleston 4 - Houston 4
TOP OF THE 10TH
Charleston Battery batting - Pitching for Houston 1837 BBC : RHP Sam Pelsize
Now at 3B: Norm Chodorow
Now in LF: Fa-tang Wang
Batting: RHB Wrangler Haresnape 0-0: Foul Ball, location: 2F
0-1: Ball
1-1: Ball
2-1: SINGLE (Groundball, 4MD)
Batting: RHB Paco Muńóz 0-0: Ball
1-0: Grounds into double play, 6-4-3 (Groundball, 6)
Batting: RHB Loren Stallings 0-0: Called Strike
0-1: Ground out 3-1 (Groundball, 34)
Top of the 10th over - 0 runs, 1 hit, 0 errors, 0 left on base; Charleston 4 - Houston 4
BOTTOM OF THE 10TH
Houston 1837 BBC batting - Pitching for Charleston Battery : RHP Jon King
Pitching: RHP Hiroaki Kouda
Batting: RHB Komotay Koffie 0-0: Called Strike
0-1: Fly out, F4 (Line Drive, 4M)
Batting: LHB Carlos Medellín 0-0: SINGLE (Groundball, 5L) (infield hit)
Batting: LHB Mike Goff 0-0: Called Strike
Carlos Medellín steals 2nd base
0-1: Ball
1-1: 2-RUN HOME RUN (Line Drive, 9LD), Distance : 348 ft
Friday, March 29th, 2019 - OOTP Baseball 18.8 Build 76